 Dungeon Crawl Stone Soup version 0.31-a0-232-gb1c03b2570 (webtiles) character file.

Game seed: 3982737680470115327

44 qw the Shooter (level 3, -10/29 HPs)
             Began as a Minotaur Hexslinger on July 7, 2023.
             Killed by divine providence
             ... invoked by an orc priest
              (14 damage)
             ... on level 2 of the Dungeon.
             The game lasted 00:00:25 (884 turns).

qw the Shooter (Minotaur Hexslinger)                 Turns: 884, Time: 00:00:25

Health: -10/29     AC:  5    Str: 12    XL:     3   Next: 41%
Magic:  3/3        EV: 11    Int: 10    God:
Gold:   74         SH:  5    Dex: 14    Spells: 3/4 levels left

rFire   . . .        Y - +1 sling
rCold   . . .        (no shield)
rNeg    . . .        h - +0 ring mail
rPois   .            (helmet restricted)
rElec   .            (no cloak)
rCorr   .            (no gloves)
SInv    .            (no boots)
Will    .....        f - amulet of reflection
Stlth   +            (no ring)
HPRegen 0.24/turn    (no ring)
MPRegen 0.08/turn

%: reflection
@: no status effects
A: horns 2, retaliatory headbutt
a: no special abilities


You were on level 2 of the Dungeon.
You visited 1 branch of the dungeon, and saw 2 of its levels.

You collected 74 gold pieces.


Innate Abilities, Weirdness & Mutations

You have a pair of horns on your head.
You reflexively headbutt those who attack you in melee.


   Skills:
 - Level 2.0 Fighting
 - Level 4.0 Ranged Weapons
 + Level 0.1 Armour
 - Level 2.1 Dodging
 - Level 1.0 Spellcasting
 - Level 2.0 Hexes


You had 3 spell levels left.
You knew the following spells:

 Your Spells              Type           Power      Damage    Failure   Level
a - Slow                  Hex            16%        N/A       34%         1

Your spell library contained the following spells:

 Spells                   Type           Power      Damage    Failure   Level
 Inner Flame              Hex/Fire       2%         N/A       83%         3
 Portal Projectile        Hex/Tloc       4%         N/A       83%         3
 Cause Fear               Hex            2%         N/A       98%         4

Inventory:

Hand Weapons
 Y - a +1 sling (weapon)
Armour
 h - a +0 ring mail (worn)
Jewellery
 f - an amulet of reflection (around neck)
Scrolls
 a - a scroll of identify
 b - a scroll of immolation {unknown}
Potions
 d - a potion of cancellation

Dungeon Overview and Level Annotations

Branches:
Dungeon (2/15)

Altars:


Message History

An orc comes into view. It is wielding a +0 trident.
The jackal bites you but does no damage.
You shoot a sling bullet.
The sling bullet closely misses the jackal.
The orc shouts!
The jackal misses you. You furiously retaliate!
You headbutt the jackal!
You kill the jackal!
The orc priest mumbles some strange prayers to Beogh against you.
Pain shoots through your body!
Your Ranged Weapons skill increases to level 4!
You shoot a sling bullet. The sling bullet hits the orc priest.
The orc priest is moderately wounded.
You shoot a sling bullet.
The sling bullet closely misses the orc priest.
The sling bullet hits the hobgoblin.
The hobgoblin is almost dead.
The jackal bites you but does no damage.
You shoot a sling bullet. The sling bullet hits the orc priest.
The orc priest is heavily wounded.
The jackal bites you but does no damage.
The orc priest barely misses you.
The jackal bites you but does no damage. x2
The orc priest barely misses you.
The jackal bites you but does no damage.
You shoot a sling bullet.
The sling bullet barely misses the orc priest.
You block the jackal's attack. The jackal misses you. You furiously retaliate!
You headbutt the jackal.
The orc priest calls down the wrath of Beogh upon you.
Beogh smites you! The jackal closely misses you. You furiously retaliate!
You headbutt the jackal!
You kill the jackal!
The jackal closely misses you.
You shoot a sling bullet.
The sling bullet closely misses the orc priest.
The orc barely misses you. You block the orc priest's attack.
The jackal bites you. The orc barely misses you.
The orc priest mumbles some strange prayers to Beogh against you.
Beogh smites you!
You die...

..###. #####. #.....
..##. ..).. ##....
##<..### ##.....
#......# # ##......
##...)o.# .####.......
#.....o.# ...##........
#.#...h@##..#... #......
......g.......# #......
#.#.....##..#.# #<.....
#.....##..#.# #.#....
#.....#...#)####.###..
#.....#.#....##..#....
#...P~~7#.......#.....
...##~P~.~#...)###......
...##7..~.#....# #......


You could see an orc priest, an orc, a jackal and a hobgoblin.

Vanquished Creatures
  An adder zombie (D:2)
  A dart slug (D:1)
  2 orcs (D:2)
  3 bats (D:1)
  4 endoplasms
  2 giant cockroaches (D:1)
  3 hobgoblins
  3 jackals (D:2)
  A ball python (D:1)
  A ball python zombie (D:2)
  2 frilled lizards (D:1)
  A giant cockroach zombie (D:2)
  4 goblins
  4 kobolds
  3 rats (D:1)
35 creatures vanquished.

Notes
Turn   | Place    | Note
-------+----------+-------------------------------------------
     0 | D:1      | qw the Minotaur Hexslinger began the quest for the Orb.
     0 | D:1      | Reached XP level 1. HP: 16/16 MP: 1/1
     0 | D:1      | 0 ||| qw: Version: 0.3-a-46-gb1f654a
     0 | D:1      | 0 ||| qw: Game counter: 2937
     0 | D:1      | 0 ||| qw: Melee chars always use a shield: true
     0 | D:1      | 0 ||| qw: God list: Okawaru
     0 | D:1      | 0 ||| qw: Allow faded altars: false
     0 | D:1      | 0 ||| qw: Do Orc after clearing Dungeon:15 true
     0 | D:1      | 0 ||| qw: Do second Lair branch before Depths: true
     0 | D:1      | 0 ||| qw: Lair rune preference: random
     0 | D:1      | 0 ||| qw: Goals: Normal
     0 | D:1      | 0 ||| PLANNING D:1-11
   105 | D:1      | Reached skill level 3 in Ranged Weapons
   114 | D:1      | Reached XP level 2. HP: 23/23 MP: 2/2
   703 | D:1      | 703 ||| UPGRADING to +0 ring mail.
   713 | D:1      | 713 ||| DROPPING +0 robe.
   714 | D:1      | 714 ||| UPGRADING to amulet of reflection.
   719 | D:1      | 719 ||| READING 3 scrolls labelled KIURO GO CUHU.
   720 | D:1      | 720 ||| READING scroll labelled GAPNECZOETOHO.
   721 | D:1      | 721 ||| READING 2 scrolls of identify.
   721 | D:1      | 721 ||| IDENTIFYING fuming grey potion
   722 | D:1      | 722 ||| DROPPING scroll of poison.
   758 | D:2      | 758 ||| STAIRDANCE
   776 | D:2      | 776 ||| STAIRDANCE
   797 | D:2      | Reached XP level 3. HP: 29/29 MP: 3/3
   880 | D:2      | Reached skill level 4 in Ranged Weapons
   883 | D:2      | HP: 5/29 [orc priest/divine providence (13)]
   884 | D:2      | Killed from afar by an orc priest

Levels and vault maps discovered:
D:1:      saegor_arrival_simple_b, layout_basic
D:2:      layout_rooms, serial_undead, serial_undead_f, serial_undead_e,
          serial_undead_b, serial_undead_a, serial_undead_a,
          chequers_serial_rivers_small_a, chequers_jeans, serial_bayou_pond_e

Skill      XL: |  1  2  3 |
---------------+----------+-----
Ranged Weapons | 3 4 |  4.0
Fighting       | 2 |  2.0
Armour         | |  0.1
Dodging        | |  2.1
Spellcasting   | |  1.0
Hexes          | |  2.0

Action                     || total
---------------------------++-------
   Fire: Sling             ||   101
    Use: Scroll            ||     3
 Armour: Robe              ||     4
         Ring mail         ||    28
  Dodge: Dodged            ||    23
  Block: Other             ||    13

Table legend:
 A = Non-vault XP
 B = Vault XP
 C = Vault XP percentage of total XP
 D = Non-vault monster count
 E = Vault monster count
 F = Vault count percentage of total count
                 A         B        C        D         E       F
            +---------+---------+-------+---------+---------+-------
      Total |      56 |       8 |  12.5 |      32 |       3 |   8.6
            +---------+---------+-------+---------+---------+-------
        D:1 |      35 |       0 |   0.0 |      22 |       0 |   0.0
        D:2 |      21 |       8 |  27.6 |      10 |       3 |  23.1
            +---------+---------+-------+---------+---------+-------
